 Dungeon Crawl Stone Soup version 0.24-a0-479-g9a978d2894 (webtiles) character file.

Game seed: 4411448167597588973

1214 Elric the Firebug (level 8, -8/58 HPs)
             Began as a Gnoll Fire Elementalist on July 8, 2019.
             Was a Follower of Qazlal.
             Mangled by Menkaure (23 damage)
             ... on level 5 of the Dungeon.
             The game lasted 00:13:09 (4788 turns).

Elric the Firebug (Gnoll Fire Elementalist)         Turns: 4788, Time: 00:13:09

Health: -8/58      AC:  2    Str: 11    XL:     8   Next: 46%
Magic:  27/41      EV: 15    Int: 20    God:    Qazlal [*.....]
Gold:   197        SH:  2    Dex: 15    Spells: 6/19 levels left

rFire    . . .     SeeInvis .   B - staff of power
rCold    . . .     Gourm    .   (no shield)
rNeg     . . .     Faith    .   a - +0 robe
rPois    .         Spirit   .   (no helmet)
rElec    .         Reflect  .   (no cloak)
rCorr    .         Harm     .   (no gloves)
MR       .....                  (no boots)
Stlth    +++.......             (no amulet)
HPRegen  0.19/turn              l - ring of magical power
MPRegen  0.27/turn              (no ring)

@: very slightly contaminated
A: distributed training, fangs 1, strong nose
a: Renounce Religion


You were on level 5 of the Dungeon.
You worshipped Qazlal.
Qazlal was aware of your devotion.
You were not hungry.

You visited 1 branch of the dungeon, and saw 5 of its levels.

You collected 197 gold pieces.

Inventory:

Hand Weapons
 k - a +3 dagger of protection
 n - a +2 whip of venom
 t - a +0 whip of flaming
Missiles
 i - 248 stones (quivered)
 j - a throwing net
 m - 6 javelins
Armour
 a - a +0 robe (worn)
 z - a +0 shield
Magical Staves
 B - an uncursed staff of power (weapon)
Jewellery
 l - a ring of magical power (left hand)
Wands
 h - a wand of paralysis (11)
 y - a wand of iceblast (9)
Scrolls
 b - 3 scrolls of remove curse
 d - 4 scrolls of teleportation
 e - 4 scrolls of identify
 g - 3 scrolls of amnesia {unknown}
 o - a scroll of fog {unknown}
 p - a scroll of immolation {unknown}
 s - a scroll of fear {unknown}
 u - a scroll of magic mapping {unknown}
 v - a scroll of enchant weapon {unknown}
 A - a scroll of noise {unknown}
Potions
 f - 2 potions of degeneration {unknown}
 q - a potion of brilliance {unknown}
 r - a potion of curing {unknown}
 x - a potion of flight {unknown}
Comestibles
 c - 12 rations


   Skills:
 + Level 3.2 Fighting
 + Level 3.2 Short Blades
 + Level 3.2 Long Blades
 + Level 3.2 Axes
 + Level 3.2 Maces & Flails
 + Level 3.2 Polearms
 + Level 3.2 Staves
 + Level 3.2 Slings
 + Level 3.2 Bows
 + Level 3.2 Crossbows
 + Level 3.2 Throwing
 + Level 3.2 Armour
 + Level 5.6 Dodging
 + Level 5.3 Stealth
 + Level 3.2 Shields
 + Level 3.2 Unarmed Combat
 + Level 6.0 Spellcasting
 + Level 3.4 Conjurations
 + Level 2.6 Hexes
 + Level 2.6 Charms
 + Level 2.6 Summonings
 + Level 2.6 Necromancy
 + Level 2.6 Translocations
 + Level 2.6 Transmutations
 + Level 6.1 Fire Magic
 + Level 2.6 Ice Magic
 + Level 2.6 Air Magic
 + Level 2.6 Earth Magic
 + Level 2.6 Poison Magic
 + Level 3.5 Invocations
 + Level 3.2 Evocations


You had 6 spell levels left.
You knew the following spells:

 Your Spells              Type           Power        Failure   Level  Hunger
a - Flame Tongue          Conj/Fire      ####.        1%          1    None
b - Throw Flame           Conj/Fire      ####..       2%          2    None
c - Conjure Flame         Conj/Fire      ####....     4%          3    ##.....
d - Inner Flame           Hex/Fire       ###.....     5%          3    ##.....
e - Sticky Flame          Conj/Fire      ####....     14%         4    ####...

Your spell library contained the following spells:

 Spells                   Type           Power        Failure   Level  Hunger
 Fireball                 Conj/Fire      ####......   38%         5    #####..


Dungeon Overview and Level Annotations

Branches:
Dungeon (5/15)             Temple (0/1) D:5

Altars:
Cheibriados
Dithmenos
Fedhas
Gozag
Okawaru
Qazlal
Uskayaw
Xom
Yredelemnul
Zin

Shops:
D:4 !   D:5 *[

Annotations:
D:5 Menkaure


Innate Abilities, Weirdness & Mutations

Your experience applies equally to all skills.
You have very sharp teeth.
Your uncanny sense of smell can sniff out nearby items.


Message History

Your body is wracked with pain!
* * * LOW HITPOINT WARNING * * *
Casting: Flame Tongue (safe; 1% risk of failure)
Confirm with . or Enter, or press ? or * to list all spells.
Aiming: Flame Tongue (safe; 1% risk of failure)
Press: ? - help, Shift-Dir - straight line, f/p - worker ant zombie
Aim: a worker ant zombie (heavily damaged)
The flame tongue hits the worker ant zombie!
You destroy the worker ant zombie!
Qazlal accepts your kill.
Casting: Flame Tongue (safe; 1% risk of failure)
Confirm with . or Enter, or press ? or * to list all spells.
Aiming: Sticky Flame (safe; 14% risk of failure)
Press: ? - help, Shift-Dir - straight line, f - Menkaure
Aim: Menkaure You miscast Sticky Flame.
You are very lightly contaminated with residual magic.
You are momentarily dazzled by a flash of light!
Menkaure hits you!!
You die...

# #............#
#######
............#
.#####.....#
#.....#
.######.#####
............#
#######.###.# ∆
#.....#.#
#.#.#.#@# ##
#.#.#.#M# ∆
#...#.#.#.#†#
..........#.#
..###.#.###.#
#.........#
#.#..............
#.#....##.###..Z.
# #######.# ..


You could see Menkaure.

Vanquished Creatures
  Pikel (D:3)
  An ice beast (D:5)
  A sky beast (D:5)
  A slave (D:4)
  An ogre (D:4)
  A necrophage (D:5)
  2 hounds
  A jelly (D:5)
  A gnoll shaman (D:5)
  An orc priest (D:4)
  A centaur skeleton (D:5)
  An orc wizard (D:4)
  A worker ant (D:5)
  2 hound skeletons (D:5)
  Robin (D:4)
  A worker ant zombie (D:5)
  4 adders
  2 gnolls (D:5)
  An ooze (D:2)
  2 worms (D:3)
  3 dart slugs
  2 leopard geckos
  10 orcs (D:4)
  3 ball pythons
  7 bats
  2 giant cockroaches
  15 goblins
  7 hobgoblins
  A quokka (D:2)
  7 frilled lizards
  A jackal skeleton (D:4)
  A jackal zombie (D:5)
  12 kobolds
  5 rats
103 creatures vanquished.

Vanquished Creatures (others)
  A howler monkey (D:4)
  A giant cockroach (D:4)
2 creatures vanquished.

Grand Total: 105 creatures vanquished

Notes
Turn   | Place    | Note
-------+----------+-------------------------------------------
     0 | D:1      | Elric the Gnoll Fire Elementalist began the quest for the
                  | Orb.
     0 | D:1      | Reached XP level 1. HP: 13/13 MP: 6/6
   117 | D:1      | Reached XP level 2. HP: 15/19 MP: 4/7
   680 | D:1      | Reached skill level 5 in Spellcasting
   680 | D:1      | Reached XP level 3. HP: 11/25 MP: 3/9
   878 | D:2      | Learned a level 2 spell: Throw Flame
   882 | D:2      | Learned a level 3 spell: Conjure Flame
   886 | D:2      | Learned a level 3 spell: Inner Flame
   902 | D:2      | Reached skill level 1 in Invocations
  1358 | D:2      | Found a stormy altar of Qazlal.
  1368 | D:2      | Became a worshipper of Qazlal Stormbringer
  1389 | D:2      | Found an opulent altar of Gozag.
  1390 | D:2      | Found a glowing silver altar of Zin.
  1416 | D:2      | Reached skill level 1 in Fighting
  1416 | D:2      | Reached skill level 1 in Short Blades
  1416 | D:2      | Reached skill level 1 in Long Blades
  1416 | D:2      | Reached skill level 1 in Axes
  1416 | D:2      | Reached skill level 1 in Maces & Flails
  1416 | D:2      | Reached skill level 1 in Polearms
  1416 | D:2      | Reached skill level 1 in Staves
  1416 | D:2      | Reached skill level 1 in Slings
  1416 | D:2      | Reached skill level 1 in Bows
  1416 | D:2      | Reached skill level 1 in Crossbows
  1416 | D:2      | Reached skill level 1 in Throwing
  1416 | D:2      | Reached skill level 1 in Armour
  1416 | D:2      | Reached skill level 1 in Shields
  1416 | D:2      | Reached skill level 1 in Unarmed Combat
  1416 | D:2      | Reached skill level 1 in Evocations
  1489 | D:2      | Reached XP level 4. HP: 32/32 MP: 6/11
  2089 | D:3      | Found a snail-covered altar of Cheibriados.
  2090 | D:3      | Found a shimmering altar of Xom.
  2093 | D:3      | Found a blossoming altar of Fedhas.
  2138 | D:3      | Reached skill level 1 in Hexes
  2138 | D:3      | Reached skill level 1 in Charms
  2138 | D:3      | Reached skill level 1 in Summonings
  2138 | D:3      | Reached skill level 1 in Necromancy
  2138 | D:3      | Reached skill level 1 in Translocations
  2138 | D:3      | Reached skill level 1 in Transmutations
  2138 | D:3      | Reached skill level 1 in Ice Magic
  2138 | D:3      | Reached skill level 1 in Air Magic
  2138 | D:3      | Reached skill level 1 in Earth Magic
  2138 | D:3      | Reached skill level 1 in Poison Magic
  2299 | D:3      | Noticed a +0 hand axe
  2357 | D:3      | Noticed a +0 dagger
  2358 | D:3      | Found a hide-covered altar of Uskayaw.
  2610 | D:4      | Noticed a slave
  2611 | D:4      | Noticed Pikel
  2612 | D:4      | Noticed a slave
  2613 | D:4      | Noticed a slave
  2630 | D:4      | Killed a slave
  2749 | D:4      | Noticed a slave
  2947 | D:3      | Killed Pikel
  2947 | D:3      | Reached skill level 5 in Dodging
  2947 | D:3      | Reached XP level 5. HP: 11/39 MP: 8/13
  2947 | D:3      | Reached XP level 6. HP: 13/45 MP: 8/14
  2947 | D:3      | Reached XP level 7. HP: 15/51 MP: 8/15
  3403 | D:4      | Reached * piety under Qazlal
  3439 | D:4      | Found Qaagighi's Distillery.
  3887 | D:4      | Noticed Robin
  3898 | D:4      | Killed Robin
  4060 | D:4      | Reached skill level 5 in Stealth
  4260 | D:4      | Found a shadowy altar of Dithmenos.
  4266 | D:4      | Found a basalt altar of Yredelemnul.
  4379 | D:5      | Entered Level 5 of the Dungeon
  4385 | D:5      | Learned a level 4 spell: Sticky Flame
  4399 | D:5      | Found Dixtess's Assorted Antiques.
  4404 | D:5      | Reached XP level 8. HP: 57/57 MP: 13/16
  4473 | D:5      | Found Ohuf's Antique Armour Emporium.
  4555 | D:5      | Found an iron altar of Okawaru.
  4729 | D:5      | Found a staircase to the Ecumenical Temple.
  4729 | D:5      | Noticed Menkaure
  4788 | D:5      | Mangled by Menkaure

Levels and vault maps discovered:
D:1:      onia_arrival_handbag, layout_loops_ring, minmay_pentomino_x2
D:2:      layout_basic, grunt_temple_overflow_gold_and_silver,
          nicolae_qazlal_eye_of_the_storm, first_ration
D:3:      layout_loops_corners, grunt_temple_overflow_open,
          dancing_weapons_uskayaw, serial_bayou, serial_bayou_pond_e,
          serial_bayou_crossing, serial_bayou_ford_a, serial_bayou_pond_d
D:4:      layout_loops_ring, amethyst_overflow_temple_binary, serial_shops,
          shop, uniq_pikel, uniq_robin
D:5:      layout_basic, kennysheep_okawaru_gauntlet,
          minmay_temple_entry_nine_rooms, serial_shops, shop_coins, shop, shop,
          shop, shop, uniq_menkaure

Skill      XL: |  1  2  3  4  5  6  7  8 |
---------------+-------------------------+-----
Conjurations   | 2 3 |  3.4
Spellcasting   | 5 6 |  6.0
Invocations    | 1 2 3 |  3.5
Fighting       | 1 2 3 |  3.2
Short Blades   | 1 2 3 |  3.2
Long Blades    | 1 2 3 |  3.2
Axes           | 1 2 3 |  3.2
Maces & Flails | 1 2 3 |  3.2
Polearms       | 1 2 3 |  3.2
Staves         | 1 2 3 |  3.2
Slings         | 1 2 3 |  3.2
Bows           | 1 2 3 |  3.2
Crossbows      | 1 2 3 |  3.2
Throwing       | 1 2 3 |  3.2
Armour         | 1 2 3 |  3.2
Shields        | 1 2 3 |  3.2
Unarmed Combat | 1 2 3 |  3.2
Evocations     | 1 2 3 |  3.2
Hexes          | 1 2 |  2.6
Charms         | 1 2 |  2.6
Summonings     | 1 2 |  2.6
Necromancy     | 1 2 |  2.6
Translocations | 1 2 |  2.6
Transmutations | 1 2 |  2.6
Ice Magic      | 1 2 |  2.6
Air Magic      | 1 2 |  2.6
Earth Magic    | 1 2 |  2.6
Poison Magic   | 1 2 |  2.6
Dodging        | 5 |  5.6
Stealth        | 5 |  5.3
Fire Magic     | 6 |  6.1

Action                   |  1- 3 |  4- 6 |  7- 9 || total
-------------------------+-------+-------+-------++-------
Melee: Dagger            |     9 |       |       ||     9
       Bite              |     1 |     2 |     2 ||     5
       Whip              |       |     4 |    30 ||    34
Throw: Stone             |     9 |       |       ||     9
 Cast: Flame Tongue      |    45 |    53 |    60 ||   158
       Throw Flame       |    15 |    24 |    40 ||    79
       Inner Flame       |     2 |       |       ||     2
       Conjure Flame     |       |     3 |     5 ||     8
       Sticky Flame      |       |       |     3 ||     3
  Use: Scroll            |       |       |     3 ||     3
  Eat: Chunk             |     1 |     4 |     4 ||     9
       Ration            |       |       |     1 ||     1
Armor: Robe              |     9 |     1 |     9 ||    19
Dodge: Dodged            |    22 |    11 |    41 ||    74
Block: Other             |       |       |     2 ||     2

Table legend:
 A = Non-vault XP
 B = Vault XP
 C = Vault XP percentage of total XP
 D = Non-vault monster count
 E = Vault monster count
 F = Vault count percentage of total count
                 A         B        C        D         E       F
            +---------+---------+-------+---------+---------+-------
      Total |    1086 |     649 |  37.4 |      85 |      17 |  16.7
            +---------+---------+-------+---------+---------+-------
        D:1 |      38 |       9 |  19.1 |      15 |       6 |  28.6
        D:2 |      53 |       0 |   0.0 |      23 |       0 |   0.0
        D:3 |      45 |     607 |  93.1 |      14 |       1 |   6.7
        D:4 |     278 |      29 |   9.4 |      17 |       8 |  32.0
        D:5 |     672 |       4 |   0.6 |      16 |       2 |  11.1
            +---------+---------+-------+---------+---------+-------
